 Dungeon Crawl Stone Soup version 0.27-a0-263-gc8dee61f84 (webtiles) character file.

Game seed: 14993496612511902047

16 hehateme the Chopper (level 2, 0/31 HPs)
             Began as an Ogre Gladiator on Feb 5, 2021.
             Slain by a jackal (2 damage)
             ... on level 1 of the Dungeon.
             The game lasted 00:00:46 (400 turns).

hehateme the Chopper (Ogre Gladiator)                Turns: 400, Time: 00:00:46

Health: 0/31       AC:  3    Str: 17    XL:     2   Next: 58%
Magic:  2/2        EV: 10    Int:  9    God:
Gold:   46         SH:  0    Dex: 10    Spells: 1/1 levels left

rFire    . . .     SeeInvis .   a - +0 war axe
rCold    . . .     Faith    .   (no shield)
rNeg     . . .     Spirit   .   b - +0 robe
rPois    .         Reflect  .   c - +0 hat
rElec    .         Harm     .   (no cloak)
rCorr    .         Rampage  .   (gloves unavailable)
Will     .....                  (boots unavailable)
Stlth    +.........             (no amulet)
HPRegen  0.10/turn              (no ring)
MPRegen  0.08/turn              (no ring)

@: no status effects
A: large, unfitting armour, tough skin 1
a: no special abilities


You were on level 1 of the Dungeon.
You visited 1 branch of the dungeon, and saw 1 of its levels.

You collected 46 gold pieces.

Inventory:

Hand Weapons
 a - a +0 war axe (weapon)
Missiles
 d - 3 throwing nets (quivered) {=f}
 k - 24 stones
 Q - 24 arrows
Armour
 b - a +0 robe (worn)
 c - a +0 hat (worn)
Jewellery
 f - an uncursed ring of willpower {unknown}
 h - an uncursed ring of ice {unknown}
Scrolls
 i - a scroll of noise {unknown}
 j - a scroll of random uselessness {unknown}
Potions
 e - 3 potions of might {unknown}
 g - a potion of berserk rage {unknown}


   Skills:
 + Level 3.2 Fighting
 * Level 3.6 Axes
 - Level 2.0 Throwing
 - Level 2.6 Dodging


You had one spell level left.
You didn't know any spells.
Your spell library was empty.

Dungeon Overview and Level Annotations

Branches:
Dungeon (1/15)

Altars:


Innate Abilities, Weirdness & Mutations

You are too large for most types of armour.
You have tough skin. (AC +1)


Message History

The jackal bites you.
You take 2 damage, and have 17/31 hp.
The jackal bites you. The kobold barely misses you.
The jackal barely misses you.
You see here a jackal corpse.
You take 1 damage, and have 16/31 hp.
The kobold hits you but does no damage. The jackal closely misses you.
You hit the kobold. You barely miss the jackal. The jackal bites you.
* * * LOW HITPOINT WARNING * * *
The kobold hits you with a cursed -1 short sword.
* * * LOW HITPOINT WARNING * * *
The jackal bites you but does no damage.
The kobold hits you with a cursed -1 short sword!
* * * LOW HITPOINT WARNING * * *
You take 13 damage, and have 4/31 hp.
GAME OVER YEAH!!
You closely miss the kobold. You hit the jackal. The jackal bites you.
* * * LOW HITPOINT WARNING * * *
The kobold hits you but does no damage. The jackal bites you.
You die...

............# ....
............# ..........
.....⌠#.....# .........#
.♣♣♣..#.....###........#
♣♣♣♣♣♣...#..............
♣∩∩∩♣♣...#..............
∩...∩....#....).........
.....♣♣♣.#..........."..
.♣.♣.∩♣♣.#..†.†h@.......
.♣<♣ ∩♣♣.#.....K........
.♣.♣ ♣♣.#....#####.####
.... #....# #b ∩...∩♣
#....# b# ♣∩∩∩♣♣ #)...#
.. ♣♣♣♣♣ #....# # .♣♣
.....# ...

Skill      XL: |  1 |
---------------+----+-----
Fighting       | 3 |  3.2
Axes           | |  3.6
Throwing       | |  2.0
Dodging        | |  2.6

Notes
Turn   | Place    | Note
-------+----------+-------------------------------------------
     0 | D:1      | hehateme the Ogre Gladiator began the quest for the Orb.
     0 | D:1      | Reached XP level 1. HP: 22/22 MP: 1/1
   276 | D:1      | Reached skill level 3 in Fighting
   276 | D:1      | Reached XP level 2. HP: 31/31 MP: 2/2
   399 | D:1      | HP: 4/31 [kobold/cursed -1 short sword (8)]
   400 | D:1      | Slain by a jackal

Table legend: (Time is in decaauts)
 A = Elapsed time spent in this place.
 B = Non-inter-level travel time spent in this place.
 C = Inter-level travel time spent in this place.
 D = Time resting spent in this place.
 E = Time spent auto-exploring this place.
 F = Levels seen in this place.
 G = Mean time per level.
                   A        B        C        D        E       F      G
               +--------+--------+--------+--------+--------+-----+--------+
         Total |    413 |    413 |      0 |      0 |    304 |   1 |  413.0 |
       Dungeon |    413 |    413 |      0 |      0 |    304 |   1 |  413.0 |
               +--------+--------+--------+--------+--------+-----+--------+

Top non-repeatable levels by time:
     D:1: 413 daAuts

Table legend:
 A = Kills in this place as a percentage of kills in entire the game.
 B = Kills by you in this place as a percentage of kills by you in the entire game.
 C = Kills by friends in this place as a percentage of kills by friends in the entire game.
 D = Other kills in this place as a percentage of other kills in the entire game.
 E = Experience gained in this place as a percentage of experience gained in the entire game.
 F = Experience gained in this place divided by the number of levels of this place that you have seen.
                   A       B       C       D       E      F
               +-------+-------+-------+-------+-------+----------------------
         Total | 100.0 | 100.0 |   N/A |   N/A | 100.0 |  24.0
       Dungeon | 100.0 | 100.0 |   N/A |   N/A | 100.0 |  24.0
               +-------+-------+-------+-------+-------+----------------------

Action                   || total
-------------------------++-------
Melee: War axe           ||    40
Armor: Robe              ||    31
Dodge: Dodged            ||    52

Vanquished Creatures
  A leopard gecko (D:1)
  3 bats (D:1)
  3 goblins (D:1)
  3 jackals (D:1)
  A kobold (D:1)
  A frilled lizard (D:1)
  A rat (D:1)
13 creatures vanquished. You could see a jackal and a kobold.

Levels and vault maps discovered:
D:1:      heliophobic_arrival_henge, layout_basic, serial_aquarium,
          aquarium_bridge_long_separate [aquarium_subvault_wall,
          aquarium_subvault_wall, aquarium_subvault_bridge,
          aquarium_subvault_window, aquarium_subvault_bridge,
          aquarium_subvault_bridge], aquarium_window_2, aquarium_window_fake,
          aquarium_window_double, aquarium_window_1, aquarium_view_2c,
          aquarium_pool_corner, minmay_pentomino_s2
